 Dungeon Crawl Stone Soup version 0.30-a0-782-ge64f9170bb (webtiles) character file.

Game seed: 16349661093768067968

39 mopl the Vexing (level 3, -7/19 HPs)
             Began as a Deep Elf Enchanter on Mar 14, 2023.
             Mangled by Sigmund
             ... wielding a +0 scythe
              (11 damage)
             ... on level 2 of the Dungeon.
             The game lasted 00:01:43 (769 turns).

mopl the Vexing (Deep Elf Enchanter)                 Turns: 769, Time: 00:01:43

Health: -7/19      AC:  2    Str:  5    XL:     3   Next: 26%
Magic:  10/10      EV: 13    Int: 21    God:
Gold:   91         SH:  0    Dex: 21    Spells: 3/9 levels left

rFire   + . .      SeeInvis .    a - +1 dagger
rCold   . . .      Faith    .    (no shield)
rNeg    . . .      Spirit   .    b - +0 robe
rPois   .          Reflect  .    (no helmet)
rElec   .          Harm     .    (no cloak)
rCorr   .          Rampage  .    (no gloves)
Will    .....                    (no boots)
Stlth   +++                      (no amulet)
HPRegen 0.23/turn                d - +6 ring of dexterity
MPRegen 0.12/turn                e - ring of protection from fire

@: no status effects
A: no striking features
a: no special abilities


You were on level 2 of the Dungeon.
You visited 1 branch of the dungeon, and saw 2 of its levels.

You collected 91 gold pieces.

Inventory:

Hand Weapons
 a - a +1 dagger (weapon)
Armour
 b - a +0 robe (worn)
Jewellery
 d - a +6 ring of dexterity (left hand)
 e - a ring of protection from fire (right hand)
Scrolls
 f - a scroll of noise {unknown}
 h - a scroll of fear {unknown}
 i - a scroll of identify {unknown}
 k - a scroll of fog {unknown}
Potions
 c - 2 potions of invisibility
 g - 2 potions of haste {unknown}
 j - a potion of mutation {unknown}


   Skills:
 + Level 1.7 Short Blades
 - Level 2.4 Dodging
 + Level 4.2 Stealth
 + Level 3.6 Spellcasting
 + Level 4.5 Hexes


You had 3 spell levels left.
You knew the following spells:

 Your Spells              Type           Power      Damage    Failure   Level
b - Ensorcelled Hibernat  Hex/Ice        26%        N/A       8%          2
c - Slow                  Hex            88%        N/A       1%          1
d - Confusing Touch       Hex            22%        N/A       6%          3

Your spell library contained the following spells:

 Spells                   Type           Power      Damage    Failure   Level
 Tukima's Dance           Hex            22%        N/A       6%          3
 Dazzling Flash           Conj/Hex       26%        N/A       14%         3
 Vampiric Draining        Necr           3%         2d6       36%         3


Dungeon Overview and Level Annotations

Branches:
Dungeon (2/15)

Altars:

Annotations:
D:2 Sigmund


Message History

k - a scroll labelled CATEECZYOB
Casting: Ensorcelled Hibernation (safe; 8% risk of failure)
Confirm with . or Enter, or press ? or * to list all spells.
The spell is quite dangerous to miscast (6% risk of failure)!
Continue anyway?
Your hands begin to glow red.
Sigmund shouts!
Unknown command.
A bat comes into view.
Sigmund casts a spell.
Sigmund flickers and vanishes!
Deactivating autopickup; reactivate with Ctrl-A.
You hear some strange, mumbled words.
A puff of flame appears from out of thin air!
The puff of flame misses you. Something hits you. The bat barely misses you.
You hit something but do no damage. The bat completely misses you.
The bat hits you but does no damage.
Found a scroll labelled NAFITW EVERIY.
The bat closely misses you. The bat barely misses you.
The bat closely misses you. The bat misses you.
The bat hits you but does no damage. The bat hits you but does no damage.
Something says, "Why is everything spinning?"
The bat hits you but does no damage.
Something says, "I'm a little confused."
The bat hits you but does no damage.
Something laughs crazily.
Something hits the bat.
The bat is killed!
You hit something but do no damage. Something hits you!
You hit something. Something hits you.
You hit something but do no damage. You hit something but do no damage.
You punch something.
Something wonders, "What am I doing in here?"
Something hits you!
* * * LOW HITPOINT WARNING * * *
Something hits you!
Ouch! That really hurt!
You die...

......#############
......#.....#.....##
...................##
...........†...<....#
....................#
....................#
....................#
#..?.................#
#.......@............#
......#.............##
......##.....#.....##
#.... #..###########
......#.## ####...#
.......## .##..#.
.......


There were no monsters in sight!

Vanquished Creatures
  2 adders (D:2)
  3 endoplasms (D:1)
  4 jackals (D:1)
  A kobold (D:1)
  A quokka (D:1)
  A ball python (D:1)
  6 bats
  A goblin (D:1)
  A rat (D:1)
20 creatures vanquished.

Notes
Turn   | Place    | Note
-------+----------+-------------------------------------------
     0 | D:1      | mopl the Deep Elf Enchanter began the quest for the Orb.
     0 | D:1      | Reached XP level 1. HP: 10/10 MP: 6/6
   115 | D:1      | Found a faded altar of an unknown god.
   219 | D:1      | Reached XP level 2. HP: 9/15 MP: 8/8
   233 | D:1      | Learned a level 2 spell: Ensorcelled Hibernation
   427 | D:1      | Reached skill level 4 in Stealth
   717 | D:2      | Noticed Sigmund
   721 | D:2      | Reached XP level 3. HP: 19/19 MP: 10/10
   729 | D:2      | Learned a level 1 spell: Slow
   733 | D:2      | Learned a level 3 spell: Confusing Touch
   769 | D:2      | Mangled by Sigmund

Illustrated notes

Levels and vault maps discovered:
D:1:      ncdulo_smallfort, layout_basic, hellmonk_ecumenical_altar_crossroads
D:2:      layout_rooms, uniq_sigmund

Skill      XL: |  1  2 |
---------------+-------+-----
Stealth        | 4 |  4.2
Short Blades   | |  1.7
Dodging        | |  2.4
Spellcasting   | |  3.6
Hexes          | |  4.5

Action                     || total
---------------------------++-------
  Melee: Dagger            ||    64
         Punch             ||     3
   Cast: Confusing Touch   ||     1
         Ensorcelled Hiber ||     1
   Stab: Sleeping          ||     3
 Armour: Robe              ||    26
  Dodge: Dodged            ||    72

Table legend: (Time is in decaauts)
 A = Elapsed time spent in this place.
 B = Non-inter-level travel time spent in this place.
 C = Inter-level travel time spent in this place.
 D = Time resting spent in this place.
 E = Time spent auto-exploring this place.
 F = Levels seen in this place.
 G = Mean time per level.
                   A        B        C        D        E       F      G
               +--------+--------+--------+--------+--------+-----+--------+
         Total |    763 |    736 |     27 |     83 |    452 |   2 |  381.5 |
       Dungeon |    763 |    736 |     27 |     83 |    452 |   2 |  381.5 |
               +--------+--------+--------+--------+--------+-----+--------+

Top non-repeatable levels by time:
     D:1: 711 daAuts
     D:2: 52 daAuts
